 Dungeon Crawl Stone Soup version 0.24.0-1-gfbc8707122 (webtiles) character file.

Game seed: 2860811019740512799, levelgen mode: deterministic

314 Aviak the Insei (level 6, -3/63 HPs)
             Began as an Octopode Transmuter on Oct 27, 2019.
             Slain by an ooze (4 damage)
             ... in a sewer.
             The game lasted 00:06:30 (3804 turns).

Aviak the Insei (Octopode Transmuter)               Turns: 3804, Time: 00:06:31

Health: -3/63      AC:  1    Str: 14    XL:     6   Next: 43%
Magic:  7/10       EV: 19    Int: 16    God:
Gold:   112        SH:  0    Dex: 19    Spells: 5/11 levels left

rFire    . . .     SeeInvis .     - Unarmed
rCold    . . .     Gourm    .   (no shield)
rNeg     . . .     Faith    .   (helmet restricted)
rPois    .         Spirit   .   (no amulet)
rElec    .         Reflect  .   (no ring)
rCorr    .         Harm     .   (no ring)
MR       .....                  (no ring)
Stlth    ..........             (no ring)
HPRegen  0.20/turn              (no ring)
MPRegen  0.12/turn              (no ring)
                                (no ring)
                                (no ring)

@: mighty, agile, berserking, flying, hasted, very quick
A: almost no armour, stealthy swim, amphibious, 8 rings, constrict 8, camouflage
1, gelatinous body 1
a: no special abilities


You were in a sewer.
You were hungry.

You visited 1 branch of the dungeon, and saw 3 of its levels.
You also visited: Sewer.

You collected 112 gold pieces.

Inventory:

Missiles
 a - 20 arrows
Jewellery
 b - an uncursed ring of ice
Scrolls
 d - 7 scrolls of identify {unknown}
 e - a scroll of teleportation {unknown}
 f - 2 scrolls of random uselessness {unknown}
 h - 2 scrolls of remove curse {unknown}
Potions
 g - a potion of agility
 k - a potion of lignification {unknown}
 m - a potion of brilliance {unknown}
 o - a potion of curing {unknown}
 p - a potion of invisibility {unknown}
Comestibles
 c - 8 rations


   Skills:
 + Level 3.1 Fighting
 - Level 2.0 Dodging
 + Level 4.3 Unarmed Combat
 - Level 3.0 Spellcasting
 + Level 3.6 Transmutations
 + Level 2.1 Poison Magic


You had 5 spell levels left.
You knew the following spells:

 Your Spells              Type           Power        Failure   Level  Hunger
a - Beastly Appendage     Tmut           ##....       4%          1    #......
b - Sticks to Snakes      Tmut           ##......     6%          2    ##.....
c - Spider Form           Tmut/Pois      ##........   17%         3    ###....

Your spell library contained the following spells:

 Spells                   Type           Power        Failure   Level  Hunger
 Ice Form                 Ice/Tmut       #.......     65%         4    #####..
 Blade Hands              Tmut           ##........   75%         5    ######.


Dungeon Overview and Level Annotations

Branches:
Dungeon (3/15)              Sewer (1/1)

Altars:
Okawaru


Innate Abilities, Weirdness & Mutations

You cannot wear most types of armour.
You are very stealthy in the water. (Stealth+)
You are amphibious.
You can wear up to eight rings at the same time.
You can use your tentacles to constrict eight enemies at once.
Your skin changes colour to match your surroundings (Stealth+).
Your rubbery body absorbs attacks. (AC +1, EV +1)


Message History

* * * LOW HITPOINT WARNING * * *
You closely miss the bullfrog. Your grab misses the bullfrog.
You squeeze the bullfrog.
You kill the bullfrog!
Your Fighting skill increases to level 3!
Your Poison Magic skill increases to level 2!
The bullfrog closely misses you. The ooze completely misses you.
Unknown command.
You tentacle-slap the bullfrog. You grab the bullfrog.
The bullfrog is moderately wounded.
You constrict the bullfrog. The bullfrog closely misses you.
The frilled lizard closely misses you.
Unknown command.
You are feeling hungry.
You barely miss the bullfrog. You squeeze the bullfrog!
The bullfrog is severely wounded.
You constrict the bullfrog. The bullfrog hits you!
* * * LOW HITPOINT WARNING * * *
The ooze hits you.
You die...

####≈.≈≈≈÷≈≈≈≈≈####.≈∩#
##≈≈#≈≈≈..#####≈≈≈.#####
####≈≈≈#######≈∩.#≈≈≈.≈..##
##≈≈≈.≈≈≈#..≈≈≈.≈.####.≈≈≈≈#
##.≈.≈#≈≈##≈...≈.≈≈≈≈≈###≈≈≈.
#≈≈≈≈##≈≈#.≈#######≈≈.≈≈##≈.≈
##≈≈.##≈≈##≈≈#≈≈≈≈≈###≈≈.≈##≈.
#.÷≈.#.≈≈#≈..ll≈≈≈.≈≈##≈≈≈≈#≈.
##≈≈≈##≈≈≈#≈≈≈@J≈.≈≈≈≈≈##†.≈##≈
#.≈≈≈#≈≈≈≈#..≈≈F≈≈≈.≈≈≈ #≈≈≈≈#.
#∩.≈≈#≈≈≈≈#≈≈.[?(.≈≈.≈≈ #≈≈.≈#≈
#.≈..#≈≈≈≈#≈≈....$.≈≈≈≈ #≈.≈≈#†
##≈≈≈##≈.≈##≈.≈..≈≈≈≈≈≈##.≈≈##≈
#≈≈≈≈#.≈.≈##≈≈.≈.≈≈≈≈##.≈≈≈#≈≈
##≈.≈##≈≈.≈###≈≈≈≈≈###≈≈≈≈##.≈
#≈≈≈≈##≈≈÷÷≈#######≈≈≈.≈##≈≈≈
##≈≈≈.###≈≈≈≈≈≈.≈≈..†≈###.≈≈.


You could see a bullfrog, an ooze and 2 frilled lizards.

Vanquished Creatures
  A bullfrog (Sewer)
  7 adders
  10 oozes
  3 worms
  15 leopard geckos
  2 orcs (D:3)
  10 giant cockroaches
  2 goblins
  9 hobgoblins
  4 jackals (D:2)
  5 kobolds
  A quokka (D:3)
  7 ball pythons
  6 bats
  12 frilled lizards
  10 rats
104 creatures vanquished.

Vanquished Creatures (collateral kills)
  3 adders
  2 oozes (Sewer)
  A worm (D:2)
  A leopard gecko (Sewer)
  A giant cockroach (D:3)
  A frilled lizard (Sewer)
9 creatures vanquished.

Grand Total: 113 creatures vanquished

Notes
Turn   | Place    | Note
-------+----------+-------------------------------------------
     0 | D:1      | Aviak the Octopode Transmuter began the quest for the Orb.
     0 | D:1      | Reached XP level 1. HP: 13/13 MP: 3/3
    73 | D:1      | Reached XP level 2. HP: 17/18 MP: 5/5
    84 | D:1      | Learned a level 2 spell: Sticks to Snakes
   433 | D:1      | Reached XP level 3. HP: 23/23 MP: 6/6
  1177 | D:2      | Reached XP level 4. HP: 26/29 MP: 0/7
  1673 | D:2      | Found an iron altar of Okawaru.
  2189 | D:3      | Found a faded altar of an unknown god.
  2363 | D:3      | Found a glowing drain.
  2381 | D:3      | Learned a level 3 spell: Spider Form
  2385 | D:3      | Reached XP level 5. HP: 20/35 MP: 4/9
  2403 | Sewer    | Entered a sewer
  2804 | Sewer    | Reached skill level 1 in Poison Magic
  3005 | Sewer    | Reached skill level 4 in Unarmed Combat
  3658 | Sewer    | Reached XP level 6. HP: 36/41 MP: 7/10
  3804 | Sewer    | HP: 1/63 [bullfrog (9)]
  3804 | Sewer    | Slain by an ooze

Levels and vault maps discovered:
D:1:      dpeg_arrival_stonehenge_12_columns, layout_basic, minmay_pentomino_s2
D:2:      layout_rooms, okawaru_gym_becter
D:3:      layout_loops_cross, gup_sewer_entry_glass, first_ration,
          chequers_ecumenical_altar_simple, feat_on_display
Sewer:    sewer_frog_island_02

Skill      XL: |  1  2  3  4  5  6 |
---------------+-------------------+-----
Fighting       | 2 3 |  3.1
Transmutations | 3 |  3.6
Spellcasting   | 3 |  3.0
Poison Magic   | 1 2 |  2.1
Unarmed Combat | 4 |  4.3
Dodging        | |  2.0

Action                   |  1- 3 |  4- 6 || total
-------------------------+-------+-------++-------
Melee: Unarmed           |    71 |   180 ||   251
       Constrict         |    18 |    47 ||    65
       Punch             |     2 |     4 ||     6
       Kick              |     9 |    32 ||    41
       Tentacles         |     7 |    28 ||    35
 Cast: Beastly Appendage |     6 |    14 ||    20
       Sticks to Snakes  |     5 |    13 ||    18
  Use: Potion            |       |     5 ||     5
 Stab: Sleeping          |     6 |     4 ||    10
       Distracted        |       |     2 ||     2
  Eat: Chunk             |     1 |     9 ||    10
Armor: Skin              |     7 |    14 ||    21
Dodge: Dodged            |    39 |   143 ||   182
